 Dungeon Crawl Stone Soup version 0.25-a0-346-g140ab784a8 (webtiles) character file.

Game seed: 12432405283325874006, levelgen mode: deterministic

18102 BritishOli the Carver (level 12, 0/100 HPs)
             Began as a Demonspawn Monk on Dec 31, 2019.
             Was a High Priest of Okawaru.
             Slain by an 18-headed hydra (4 damage)
             ... on level 1 of the Lair of Beasts.
             The game lasted 00:44:33 (16962 turns).

BritishOli the Carver (Demonspawn Monk)            Turns: 16962, Time: 00:44:35

Health: 0/100      AC: 28    Str: 20    XL:     12   Next: 24%
Magic:  0/12       EV: 13    Int: 13    God:    Okawaru [*****.]
Gold:   792        SH:  0    Dex: 19    Spells: 11/11 levels left

rFire    + . .     SeeInvis +   I - +3 long sword
rCold    . . .     Gourm    .   (no shield)
rNeg     . . .     Faith    .   o - +8 chain mail of Unreason {+Fly rF+}
rPois    +         Spirit   +   e - +1 helmet of Karis {rPois Dex+3 Stlth-}
rElec    .         Reflect  .   A - scarf {repulsion}
rCorr    .         Harm     .   C - +1 pair of gloves {Str+3}
MR       .....                  (no boots)
Stlth    ..........             (no amulet)
HPRegen  0.26/turn              j - ring of see invisible
MPRegen  0.26/turn              n - +2 ring of slaying

@: heroism, studying Translocations, repel missiles
A: claws 1, hooves 1, yellow scales 1, powered by death 2, strong 1, magic
shield, magic regeneration, magic link
a: Heroism, Finesse, Renounce Religion, Evoke Flight


You were on level 1 of the Lair of Beasts.
You worshipped Okawaru.
Okawaru was extremely pleased with you.
You were not hungry.

You visited 4 branches of the dungeon, and saw 15 of its levels.
You also visited: Ossuary and Gauntlet.

You collected 792 gold pieces.

Inventory:

Hand Weapons
 I - a +3 long sword (weapon)
 T - the +7 arbalest "Tormentor" {elec, rF+ Int+2}
   (Okawaru gifted it to you on level 1 of the Lair of Beasts)

   It charges the ammunition it shoots with electricity; occasionally upon a
   hit, such missiles may discharge and cause terrible harm.
   It affects your intelligence (+2).
   It protects you from fire.
Missiles
 N - 2 silver javelins (quivered)
Armour
 a - a +0 pair of gloves of archery
 b - a +4 scale mail of cold resistance
 e - the +1 helmet of Karis (worn) {rPois Dex+3 Stlth-}
   (You found it in a Gauntlet)

   It affects your dexterity (+3).
   It protects you from poison.
   It makes you less stealthy.
 i - a +1 hat
 o - the +8 chain mail of Unreason (worn) {+Fly rF+}
   (You found it on level 1 of the Lair of Beasts)

   It protects you from fire.
   It lets you fly.
 s - a +1 cloak of magic resistance
 A - a scarf of repulsion (worn)
 C - a +1 pair of gloves of strength (worn)
 J - a cursed -1 pair of boots
Jewellery
 h - an uncursed ring of poison resistance
 j - a ring of see invisible (left hand)
 n - a +2 ring of slaying (right hand)
 K - a +3 ring of dexterity
 L - an uncursed ring of ice {unknown}
 O - an uncursed ring of poison resistance
 V - a +3 ring of dexterity
Wands
 d - a wand of digging (20)
 f - a wand of clouds (6)
 m - a wand of scattershot (2)
 y - a wand of polymorph (2)
 F - a wand of acid (6)
 Q - a wand of flame (14)
 X - a wand of disintegration (10)
Scrolls
 g - 2 scrolls of identify
 k - 5 scrolls of teleportation
 p - 6 scrolls of magic mapping
 q - a scroll of amnesia
 t - a scroll of immolation {unknown}
 u - a scroll of silence {unknown}
 w - 3 scrolls of fog
 x - 2 scrolls of enchant armour {unknown}
 G - a scroll of random uselessness {unknown}
 H - a scroll of summoning {unknown}
 R - a scroll of remove curse
 S - a scroll of holy word {unknown}
Potions
 l - 2 potions of brilliance
 r - a potion of magic
 v - a potion of berserk rage
 z - 2 potions of cancellation
 B - a potion of curing
 D - 3 potions of lignification
 E - a potion of resistance
 P - a potion of agility
 W - a potion of might {unknown}
Books
 M - a manual of Translocations
Comestibles
 c - 24 rations


   Skills:
 + Level 11.4(16.4) Fighting
 * Level 13.1(18.1) Long Blades
 + Level 8.3(13.3) Armour
 - Level 3.0(8.0) Dodging
 - Level 2.0(7.0) Stealth


You had 11 spell levels left.
You didn't know any spells.
Your spell library contained the following spells:

 Spells                   Type           Power        Failure   Level  Hunger
 Magic Dart               Conj           #...         88%         1    ##.....
 Blink                    Tloc           N/A          95%         2    ###....
 Call Imp                 Summ           #.......     95%         2    ###....
 Searing Ray              Conj           #.....       95%         2    ###....
 Slow                     Hex            #.......     95%         2    ###....
 Conjure Flame            Conj/Fire      #.......     99%         3    ####...
 Dazzling Flash           Conj/Hex       #.....       99%         3    ####...
 Mephitic Cloud           Conj/Pois/Air  #.......     99%         3    ####...
 Fulminant Prism          Conj/Hex       #.........   100%        4    #####..
 Iskenderun's Mystic Bla  Conj/Tloc      #.......     100%        4    #####..


Dungeon Overview and Level Annotations

Branches:
Dungeon (12/15)            Temple (1/1) D:4            Lair (1/6) D:9
    Orc (1/2) D:10        Ossuary (visited)         Gauntlet (visited)

Altars:
Ashenzari
Cheibriados
Dithmenos
Elyvilon
Fedhas
Gozag
Hepliaklqana
Kikubaaqudgha
Makhleb
Nemelex Xobeh
Okawaru
Qazlal
Ru
Sif Muna
Trog
Uskayaw
Vehumet
Wu Jian
Xom
Yredelemnul
Zin
The Shining One

Shops:
D:5 !

Annotations:
Orc:1 Josephine


Innate Abilities, Weirdness & Mutations

You have sharp fingernails.
You are partially covered in yellow scales. (AC +2)
You regenerate health from kills.
When hurt, damage is shared between your health and your magic reserves.
You regenerate magic rapidly.
When low on magic, you restore magic in place of health.
You have large cloven feet.
Your muscles are strong. (Str +2)


Message History

The 18-headed hydra bites you.
* * * LOW HITPOINT WARNING * * *
The 18-headed hydra bites you.
* * * LOW HITPOINT WARNING * * *
The 18-headed hydra bites you.
* * * LOW HITPOINT WARNING * * *
The 18-headed hydra closely misses you. x2; The 18-headed hydra misses you.
The 18-headed hydra bites you.
* * * LOW HITPOINT WARNING * * *
The 18-headed hydra barely misses you.
The 18-headed hydra bites you but does no damage.
The 18-headed hydra barely misses you. The 18-headed hydra bites you.
* * * LOW HITPOINT WARNING * * *
The 18-headed hydra bites you but does no damage.
The 18-headed hydra bites you.
* * * LOW HITPOINT WARNING * * *
The 18-headed hydra bites you.
* * * LOW HITPOINT WARNING * * *
The 18-headed hydra barely misses you. The 18-headed hydra bites you.
You die...

.##
##*,P#........########
##
#..,..................
#
#..#####..#.....######
#
#....*.###..#.#.#P...P
#..#.##..##.#.#.#.###.
##....#...##.#...†.#.'.
#......##.##...#.#.###.
**,,#.#.#..#.#.#.#P...P
*,,#.@#.....#.#.######
*,,#.D##...#.#....^...
**,#.#.[#..#.#÷.####.#.
*,,#..###.#.#...#.#.#.#
**,.,#**##.#.#####.....
*.#,***,#.#)#.##...###
##.#*,*,,##.##..####.##
#...(......#.#.#.......
#..#######.#.#(#.###'##


You could see a 18-headed hydra.

Vanquished Creatures
  2 two-headed ogres (D:9)
  A wolf spider (D:12)
  An ugly thing (D:11)
  A moth of wrath (Gauntlet)
  Joseph (D:8)
  Maurice (D:9)
  An elephant (Lair:1)
  3 spiny frogs (Lair:1)
  A komodo dragon (Lair:1)
  3 trolls
  A tyrant leech (Gauntlet)
  Prince Ribbit (D:6)
  2 hornets
  6 hippogriffs
  3 wraiths
  3 centaur simulacra (Gauntlet)
  A vampire (D:12)
  4 water elementals (D:10)
  8 yaks
  A basilisk (Lair:1)
  A wyvern (D:12)
  2 swamp worms (Gauntlet)
  4 wargs (D:10)
  3 water moccasins (Lair:1)
  3 porcupines (Lair:1)
  5 orc warriors
  2 sky beasts
  2 black bears
  6 centaurs
  4 ogres
  5 wolves (Gauntlet)
  6 crocodiles
  An elf zombie (D:9)
  10 bullfrogs
  A water moccasin zombie (D:6)
  A spiny frog simulacrum (Gauntlet)
  A wyvern skeleton (D:11)
  6 scorpions
  17 killer bees
  6 wights
  2 howler monkeys (D:8)
  5 crimson imps
  3 centaur zombies (Ossuary)
  4 bullfrog zombies
  2 quasits (D:9)
  4 human zombies (D:9)
  7 hounds
  6 orc priests
  7 jellies
  2 bullfrog skeletons
  Jessica (D:2)
  6 mummies
  Terence (D:3)
  A human skeleton (D:9)
  An iguana (D:4)
  9 orc wizards
  10 worker ants
  A bullfrog simulacrum (Gauntlet)
  3 hound skeletons
  3 worker ant zombies
  9 gnolls
  12 adders
  7 oozes
  3 adder skeletons
  2 adder zombies (Ossuary)
  2 worms
  3 dart slugs
  4 leopard geckos
  50 orcs
  7 giant cockroaches
  5 goblins
  5 hobgoblins
  17 jackals
  4 kobolds
  4 quokkas
  A ball python (D:5)
  9 bats
  3 frilled lizards
  2 jackal zombies
  A quokka zombie (D:5)
  12 rats
371 creatures vanquished.

Vanquished Creatures (others)
  A bush (D:9)
  A fungus (Gauntlet)
  A plant (Gauntlet)
  4 withered plants (Ossuary)
7 creatures vanquished.

Grand Total: 378 creatures vanquished

Notes
Turn   | Place    | Note
-------+----------+-------------------------------------------
     0 | D:1      | BritishOli the Demonspawn Monk began the quest for the Orb.
     0 | D:1      | Reached XP level 1. HP: 18/18 MP: 1/1
   130 | D:1      | Gained mutation: You regenerate a little health from kills.
                  | [demonic ancestry]
   130 | D:1      | Reached XP level 2. HP: 15/24 MP: 2/2
   137 | D:1      | Reached skill level 3 in Long Blades
   916 | D:2      | Reached XP level 3. HP: 17/29 MP: 3/3
  1363 | D:2      | Noticed Jessica
  1367 | D:2      | Killed Jessica
  1367 | D:2      | Gained mutation: When hurt, damage is shared between your
                  | health and your magic reserves. [demonic ancestry]
  1367 | D:2      | Reached XP level 4. HP: 37/37 MP: 4/4
  2148 | D:3      | Reached skill level 4 in Long Blades
  2176 | D:3      | Gained mutation: You are partially covered in yellow
                  | scales. (AC +2) [demonic ancestry]
  2176 | D:3      | Reached XP level 5. HP: 38/43 MP: 5/5
  2388 | D:3      | Noticed Terence
  2416 | D:3      | Killed Terence
  2419 | D:3      | Found a sacrificial altar of Ru.
  3058 | D:3      | Found an ornate altar of the Wu Jian Council.
  3058 | D:3      | Found an ancient bone altar of Kikubaaqudgha.
  3852 | D:3      | Reached skill level 5 in Fighting
  3852 | D:3      | Gained mutation: You regenerate magic rapidly. [demonic
                  | ancestry]
  3852 | D:3      | Reached XP level 6. HP: 16/51 MP: 3/6
  4381 | D:4      | Reached skill level 5 in Long Blades
  4643 | D:4      | Found a staircase to the Ecumenical Temple.
  4658 | Temple   | Entered the Ecumenical Temple
  4818 | Temple   | Became a worshipper of Warmaster Okawaru
  4818 | Temple   | Reached * piety under Okawaru
  4818 | Temple   | Reached ** piety under Okawaru
  5339 | D:5      | Entered Level 5 of the Dungeon
  5411 | D:5      | Found Unniubo's Distillery.
  5672 | D:5      | Gained mutation: You have sharp fingernails. [demonic
                  | ancestry]
  5672 | D:5      | Reached XP level 7. HP: 42/57 MP: 7/7
  5703 | D:5      | Found a sand-covered staircase.
  5710 | Ossuary  | Entered an ossuary
  5903 | Ossuary  | HP: 2/58 [centaur zombie (5)]
  6007 | Ossuary  | HP: 2/59 [bullfrog zombie (6)]
  6009 | Ossuary  | Reached skill level 6 in Long Blades
  6025 | Ossuary  | Gained mutation: You are frail. (-10% HP) [potion of
                  | mutation]
  6025 | Ossuary  | Gained mutation: You are covered in fur. (AC +1) [potion of
                  | mutation]
  6025 | Ossuary  | Gained mutation: Your mind is acute. (Int +2) [potion of
                  | mutation]
  6995 | D:5      | Lost mutation: Your mind is acute. (Int +2) [potion of
                  | mutation]
  6995 | D:5      | Lost mutation: You are covered in fur. (AC +1) [potion of
                  | mutation]
  6995 | D:5      | Lost mutation: You are frail. (-10% HP) [potion of
                  | mutation]
  6995 | D:5      | Gained mutation: You have a pair of small horns on your
                  | head. [potion of mutation]
  6995 | D:5      | Gained mutation: You are covered in fur. (AC +1) [potion of
                  | mutation]
  6995 | D:5      | Gained mutation: You have sharp toenails. [potion of
                  | mutation]
  7093 | D:5      | Reached XP level 8. HP: 56/67 MP: 6/8
  7406 | D:6      | Noticed Prince Ribbit
  7424 | D:6      | Reached *** piety under Okawaru
  7424 | D:6      | Reached skill level 7 in Long Blades
  7425 | D:6      | Reached skill level 1 in Armour
  7427 | D:6      | Killed Prince Ribbit
  7791 | D:6      | Found a bloodstained altar of Trog.
  7895 | D:6      | Reached skill level 8 in Long Blades
  7966 | D:6      | Gained mutation: You regenerate health from kills. [demonic
                  | ancestry]
  7966 | D:6      | Reached XP level 9. HP: 73/74 MP: 9/9
  8129 | D:7      | Reached **** piety under Okawaru
  8404 | D:7      | Noticed a two-headed ogre
  8698 | D:7      | Reached skill level 9 in Long Blades
  9490 | D:8      | Noticed Joseph
  9503 | D:8      | Killed Joseph
  9845 | D:8      | Found a hide-covered altar of Uskayaw.
 10018 | D:8      | Reached XP level 10. HP: 80/83 MP: 10/10
 10202 | D:9      | Reached ***** piety under Okawaru
 10212 | D:9      | Reached skill level 10 in Long Blades
 10212 | D:9      | Reached skill level 5 in Armour
 10447 | D:9      | Noticed Maurice
 10450 | D:9      | Found a staircase to the Lair.
 10468 | D:9      | Killed Maurice
 10946 | D:9      | Found an ancient bone altar of Kikubaaqudgha.
 10999 | D:9      | Noticed a two-headed ogre
 11009 | D:9      | Killed a two-headed ogre
 11009 | D:9      | Received a gift from Okawaru
 11039 | D:9      | Lost mutation: You have sharp toenails. [potion of
                  | mutation]
 11039 | D:9      | Lost mutation: You have a pair of small horns on your head.
                  | [potion of mutation]
 11039 | D:9      | Lost mutation: You are covered in fur. (AC +1) [potion of
                  | mutation]
 11039 | D:9      | Gained mutation: You have large cloven feet. [potion of
                  | mutation]
 11039 | D:9      | Gained mutation: Your muscles are strong. (Str +2) [potion
                  | of mutation]
 11260 | D:9      | Noticed a two-headed ogre
 11271 | D:9      | Killed a two-headed ogre
 11271 | D:9      | Reached skill level 10 in Fighting
 11271 | D:9      | Reached skill level 11 in Long Blades
 11421 | D:10     | Entered Level 10 of the Dungeon
 11481 | D:10     | Reached XP level 11. HP: 70/90 MP: 11/11
 12269 | D:10     | Found a staircase to the Orcish Mines.
 13172 | D:11     | Reached skill level 12 in Long Blades
 13452 | D:11     | Found a stormy altar of Qazlal.
 13607 | D:11     | Noticed a red ugly thing
 13614 | D:11     | Killed a red ugly thing
 13615 | D:11     | Reached ****** piety under Okawaru
 14282 | D:12     | Noticed a wolf spider
 14297 | D:12     | Killed a wolf spider
 14329 | D:12     | Received a gift from Okawaru
 14339 | D:12     | Noticed a deep troll earth mage
 14518 | Orc:1    | Entered Level 1 of the Orcish Mines
 14518 | Orc:1    | Noticed Josephine
 14566 | Lair:1   | Entered Level 1 of the Lair of Beasts
 14593 | Lair:1   | Got a steaming chain mail
 14641 | Lair:1   | Found a gate leading to a gauntlet.
 14654 | Gauntlet | Entered a Gauntlet
 14654 | Gauntlet | Found a transporter.
 14654 | Gauntlet | Found a transporter.
 14654 | Gauntlet | Noticed a catoblepas
 14904 | Gauntlet | Found a transporter.
 14905 | Gauntlet | Found a transporter.
 14916 | Gauntlet | Identified the +8 chain mail of Unreason {+Fly rF+} (You
                  | found it on level 1 of the Lair of Beasts)
 14930 | Gauntlet | Found a transporter.
 14938 | Gauntlet | Found a transporter.
 14942 | Gauntlet | Found a transporter.
 14945 | Gauntlet | Noticed a hell beast
 14951 | Gauntlet | Found a transporter.
 14966 | Gauntlet | Found a transporter.
 14984 | Gauntlet | Found a transporter.
 14984 | Gauntlet | Found a transporter.
 14992 | Gauntlet | Found a transporter.
 15743 | Gauntlet | Identified the +3 falchion "Bixat" {flame, Dex+4}
 15743 | Gauntlet | Noticed a minotaur
 15774 | Gauntlet | Got a jewelled helmet
 16144 | Lair:1   | Gained mutation: When low on magic, you restore magic in
                  | place of health. [demonic ancestry]
 16144 | Lair:1   | Reached XP level 12. HP: 71/100 MP: 10/12
 16176 | Lair:1   | Identified the +1 helmet of Karis {rPois Dex+3 Stlth-} (You
                  | found it in a Gauntlet)
 16691 | Lair:1   | Received a gift from Okawaru
 16692 | Lair:1   | Got a dazzling arbalest {god gift}
 16693 | Lair:1   | Identified the +7 arbalest "Tormentor" {elec, rF+ Int+2}
                  | (Okawaru gifted it to you on level 1 of the Lair of Beasts)
 16859 | Lair:1   | Reached skill level 13 in Long Blades
 16948 | Lair:1   | Noticed an eight-headed hydra
 16962 | Lair:1   | HP: 4/100 [18-headed hydra (4)]
 16962 | Lair:1   | Slain by an 18-headed hydra

Levels and vault maps discovered:
D:1:      mainiacjoe_arrival_reflecting_pool, layout_basic, serial_forest,
          infiniplex_forest_clump_medium, infiniplex_forest_clump_medium,
          infiniplex_forest_lined_1, infiniplex_forest_corner_1,
          infiniplex_forest_clump_long, infiniplex_forest_clump_double,
          minmay_misc_feat_tower
D:2:      layout_loops_ring, uniq_jessica
D:3:      layout_loops_corners, nicolae_overflow_hidden_temple,
          gammafunk_temple_overflow_statue, uniq_terence
D:4:      layout_layer_cave, minmay_temple_entry_proselytizer, first_ration
D:5:      layout_cave_pools, chequers_ossuary_entry_cave, serial_shops,
          nicolae_shop_window_shopping
D:6:      layout_loops_ring, trog_book, uniq_prince_ribbit1
D:7:      layout_loops_ring
D:8:      layout_basic, eat_drink_and_be_merry_uskayaw,
          hangedman_little_slice_of_home, chequers_mini_garden,
          kennysheep_generic_room_7, uniq_joseph
D:9:      layout_irregular_city, lair_entry_dummy, kb_lookout_dungeons_type,
          lemuel_mausoleum_altar_kikubaaqudgha, uniq_maurice
D:10:     layout_basic, minmay_orc_entry_guard_dogs, minmay_misc_feat_five,
          nicolae_underground_beach
D:11:     layout_layer_cave, serial_bayou_pond_d,
          nicolae_qazlal_eye_of_the_storm
D:12:     minmay_expanding_squares, layout_rooms, fedhas_altar_fruit_tree,
          uniq_kirke
Temple:   dpeg_five_rooms_temple
Lair:1:   layout_cave_pods, gauntlet_entry_generic, minmay_shattered_shrine
Orc:1:    layout_caves, nicolae_orc_rockfall, uniq_josephine

Skill      XL: |  1  2  3  4  5  6  7  8  9 10 11 12 |
---------------+-------------------------------------+-----
Long Blades    | 3 4 5 6 8 9 11 12 13 | 13.1
Dodging        | 3 |  3.0
Stealth        | 2 |  2.0
Fighting       | 4 5 7 8 9 10 11 | 11.4
Armour         | 2 4 6 7 8 |  8.3

Action                   |  1- 3 |  4- 6 |  7- 9 | 10-12 || total
-------------------------+-------+-------+-------+-------++-------
Melee: Falchion          |    12 |       |   251 |   181 ||   444
       Hand axe          |    98 |   344 |   199 |       ||   641
       Kick              |       |       |   114 |   321 ||   435
       Punch             |       |       |     3 |     3 ||     6
       Headbutt          |       |       |    75 |    54 ||   129
       Long sword        |       |       |       |   619 ||   619
Throw: Javelin           |       |       |       |     2 ||     2
Invok: Heroism           |       |       |     3 |    10 ||    13
       Finesse           |       |       |       |     2 ||     2
Evoke: Wand              |       |       |     2 |     3 ||     5
  Use: Scroll            |     2 |     6 |     6 |     9 ||    23
       Potion            |       |     4 |     3 |     4 ||    11
 Stab: Sleeping          |    11 |     6 |       |       ||    17
       Distracted        |       |       |     1 |       ||     1
  Eat: Ration            |     1 |     2 |     3 |     4 ||    10
       Chunk             |       |     5 |     4 |    11 ||    20
Armor: Robe              |    31 |   108 |    26 |       ||   165
       Scale mail        |       |       |   136 |   277 ||   413
       Chain mail        |       |       |       |   172 ||   172
Dodge: Dodged            |    82 |   322 |   266 |   474 ||  1144
       Deflected         |       |       |       |    13 ||    13
       Rpst.: Falchion   |     1 |       |    39 |    31 ||    71
       Long sword        |       |       |       |   103 ||   103

Table legend:
 A = Non-vault XP
 B = Vault XP
 C = Vault XP percentage of total XP
 D = Non-vault monster count
 E = Vault monster count
 F = Vault count percentage of total count
                 A         B        C        D         E       F
            +---------+---------+-------+---------+---------+-------
      Total |   16138 |    9723 |  37.6 |     292 |      79 |  21.3
            +---------+---------+-------+---------+---------+-------
        D:1 |      33 |       0 |   0.0 |      21 |       0 |   0.0
        D:2 |     113 |      37 |  24.7 |      26 |       1 |   3.7
        D:3 |     208 |      36 |  14.8 |      23 |       1 |   4.2
        D:4 |     244 |      43 |  15.0 |      14 |       1 |   6.7
        D:5 |     363 |       0 |   0.0 |      16 |       0 |   0.0
        D:6 |    1055 |     268 |  20.3 |      34 |       1 |   2.9
        D:7 |    1471 |       0 |   0.0 |      23 |       0 |   0.0
        D:8 |     575 |     724 |  55.7 |      24 |      11 |  31.4
        D:9 |    3420 |    1455 |  29.8 |      29 |      14 |  32.6
       D:10 |    1756 |    1506 |  46.2 |      31 |       8 |  20.5
       D:11 |    3118 |     247 |   7.3 |      28 |       1 |   3.4
       D:12 |     400 |    1266 |  76.0 |       4 |       7 |  63.6
     Lair:1 |    3382 |    1690 |  33.3 |      19 |       6 |  24.0
    Ossuary |       0 |     417 | 100.0 |       0 |      14 | 100.0
   Gauntlet |       0 |    2034 | 100.0 |       0 |      14 | 100.0
            +---------+---------+-------+---------+---------+-------
